 Dungeon Crawl Stone Soup version 0.23.2-33-g5129a83184 (webtiles) character file.

Game seed: 16626374640141272441

8442 Aesthetico the Slinger (level 11, -4/81 HPs)
             Began as a Halfling Arcane Marksman on July 19, 2019.
             Was a High Priest of Okawaru.
             Slain by a troll (6 damage)
             ... on level 11 of the Dungeon.
             The game lasted 00:42:48 (11382 turns).

Aesthetico the Slinger (Halfling Arcane Marksman)  Turns: 11382, Time: 00:42:49

Health: -4/81      AC:  9    Str: 11    XL:     11   Next: 55%
Magic:  14/14      EV: 21    Int: 11    God:    Okawaru [*****.]
Gold:   435        SH:  0    Dex: 21    Spells: 11/12 levels left

rFire    + . .     SeeInvis .   E - +0 hunting sling (freeze)
rCold    x . .     Gourm    .   (shield restricted)
rNeg     . . .     Faith    .   g - +0 troll leather armour
rPois    .         Spirit   .   p - +0 helmet
rElec    .         Reflect  .   w - +0 cloak
rCorr    .         Harm     +   o - +2 pair of gloves
MR       .....                  (no boots)
Stlth    +.........             H - amulet of harm
HPRegen  0.00/turn              D - +2 ring of dexterity
MPRegen  0.14/turn              q - ring of fire

@: confused
A: small, mutation resistance 1, inhibited regeneration
a: Heroism, Finesse, Renounce Religion


You were on level 11 of the Dungeon.
You worshipped Okawaru.
Okawaru was extremely pleased with you.
You were not hungry.

You visited 1 branch of the dungeon, and saw 11 of its levels.

You collected 435 gold pieces.

Inventory:

Hand Weapons
 a - a +0 hunting sling
 l - a +4 scimitar of flaming
 v - a +4 quarterstaff of chaos
 E - a +0 hunting sling of freezing (weapon)
Missiles
 b - 179 stones
 d - 98 sling bullets (quivered)
 y - 5 curare-tipped needles
 C - 6 steel tomahawks
Armour
 g - a +0 troll leather armour (worn)
 o - a +2 pair of gloves (worn)
 p - a +0 helmet (worn)
 w - a +0 cloak (worn)
Jewellery
 q - a ring of fire (right hand)
 z - an uncursed ring of protection from fire
 D - a +2 ring of dexterity (left hand)
 H - an amulet of harm (around neck)
Wands
 j - a wand of polymorph (5)
 k - a wand of enslavement (11)
 r - a wand of digging (2)
 t - a wand of paralysis (37)
 A - a wand of iceblast (7)
 J - a wand of flame (46)
Scrolls
 c - 2 scrolls of identify
 h - 6 scrolls of remove curse
 i - 6 scrolls of magic mapping
 n - a scroll of teleportation
 s - a scroll of acquirement {unknown}
 F - 2 scrolls of fog
 I - a scroll of blinking {unknown}
Potions
 e - a potion of invisibility
 u - 2 potions of flight
 x - a potion of haste {unknown}
 B - a potion of agility
 G - a potion of magic {unknown}
Comestibles
 f - 22 rations
 K - 5 chunks of flesh


   Skills:
 + Level 10.1 Fighting
 - Level 14.2 Slings
 - Level 8.5 Dodging
 - Level 1.0 Spellcasting
 - Level 2.4 Hexes
 - Level 4.2 Invocations


You had 11 spell levels left.
You knew the following spells:

 Your Spells              Type           Power        Failure   Level  Hunger
a - Corona                Hex            #......      16%         1    ##.....

Your spell library contained the following spells:

 Spells                   Type           Power        Failure   Level  Hunger
 Slow                     Hex            #.......     24%         2    ###....
 Animate Skeleton         Necr           N/A          38%         1    ##.....
 Apportation              Tloc           #.....       38%         1    ##.....
 Beastly Appendage        Tmut           #.....       38%         1    ##.....
 Pain                     Necr           #...         38%         1    ##.....
 Summon Butterflies       Summ           #.......     38%         1    ##.....
 Tukima's Dance           Hex            #.......     43%         3    ####...
 Sticks to Snakes         Tmut           #.......     54%         2    ###....
 Inner Flame              Hex/Fire       #.......     61%         3    ####...
 Portal Projectile        Hex/Tloc       #.....       61%         3    ####...
 Lesser Beckoning         Tloc           #.........   77%         3    ####...
 Regeneration             Chrm/Necr      #.........   77%         3    ####...
 Spider Form              Tmut/Pois      #.........   77%         3    ####...
 Vampiric Draining        Necr           #.........   77%         3    ####...
 Cause Fear               Hex            #.........   85%         4    #####..
 Leda's Liquefaction      Hex/Erth       #.........   95%         4    #####..
 Animate Dead             Necr           N/A          99%         4    #####..
 Ice Form                 Ice/Tmut       #.......     99%         4    #####..
 Alistair's Intoxication  Tmut/Pois      #.......     100%        5    ######.
 Blade Hands              Tmut           #.........   100%        5    ######.
 Invisibility             Hex            #.......     100%        6    #######


Dungeon Overview and Level Annotations

Branches:
Dungeon (11/15)            Temple (0/1) D:7
   Lair: D:8-11         Orc: D:9-12

Altars:
Elyvilon
Hepliaklqana
Nemelex Xobeh
Okawaru
Wu Jian

Shops:
D:5 *   D:9 (   D:11 (

Portals:
Bailey: D:11

Annotations:
D:10 3 runed translucent doors, Atelerd's ghost, novice OpCj


Innate Abilities, Weirdness & Mutations

You are small and have problems with some larger weapons.
You are somewhat resistant to further mutation.
You do not regenerate when monsters are visible.


Message History

The sling bullet freezes the troll.
The troll is almost dead.
The troll bites you! The troll claws you!
* * * LOW HITPOINT WARNING * * *
The troll misses you.
Firing (i - inventory. (/) - cycle)
d - 99 sling bullets (quivered)
Press: ? - help, Shift-Dir - straight line, f/p - troll
Aim: a troll (almost dead)
You shoot a sling bullet.
The sling bullet closely misses the troll.
The sling bullet hits the wolf.
The sling bullet freezes the wolf.
The wolf is moderately wounded.
The troll barely misses you. The troll misses you. x2
You are confused.
You feel invigorated. The troll bites you!
* * * LOW HITPOINT WARNING * * *
The troll claws you.
* * * LOW HITPOINT WARNING * * *
The troll claws you.
You die...

#..∩.!))...# #.........≈≈(
#!..!.####.# #.........≈≈.
#....!#..#.# #........;..≈
#######..#.# #.....(((((≈≈
....)...# #........≈≈(≈
........# ###..........≈≈
........# ##H'........≈≈..
........#####h{#............
.....>..##.@Th####'####.....
........'..#### #.# #####
........#### #.# #####+###
..# .## .


You could see a hippogriff, a troll, a wolf and a hound.

Vanquished Creatures
  A two-headed ogre (D:10)
  Erica (D:8)
  An unseen horror (D:10)
  An ugly thing (D:11)
  A centaur zombie (D:10)
  Joseph (D:8)
  Psyche (D:8)
  A gargoyle (D:8)
  A troll (D:9)
  Prince Ribbit (D:7)
  Sigmund (D:3)
  4 yaks (D:9)
  A wyvern (D:11)
  A water moccasin (D:5)
  An ice beast (D:4)
  A phantom (D:11)
  An orc warrior (D:8)
  6 sky beasts
  A black bear (D:7)
  A wolf (D:11)
  3 ogres
  3 centaurs
  A big kobold (D:8)
  4 bullfrogs
  A wyvern skeleton (D:7)
  3 scorpions
  6 killer bees
  2 electric eels (D:11)
  2 howler monkeys
  A crimson imp (D:9)
  A bullfrog zombie (D:9)
  6 jellies
  6 hounds
  Crazy Yiuf (D:2)
  An orc priest (D:8)
  A centaur skeleton (D:10)
  2 iguanas
  Ijyb (D:4)
  7 worker ants
  Terence (D:2)
  3 orc wizards
  Natasha (thrice) (D:2)
  A hound zombie (D:6)
  A howler monkey zombie (D:9)
  Robin (D:3)
  7 gnolls
  9 adders
  2 shadow imps
  7 oozes
  2 adder skeletons
  2 adder zombies
  2 worms (D:2)
  4 dart slugs
  3 leopard geckos
  21 orcs
  3 giant cockroaches
  14 goblins
  11 hobgoblins
  9 jackals
  6 quokkas
  3 ball pythons
  5 bats
  3 frilled lizards
  9 kobolds
  A leopard gecko skeleton (D:5)
  A quokka skeleton (D:6)
  4 rats
218 creatures vanquished.

Notes
Turn   | Place    | Note
-------+----------+-------------------------------------------
     0 | D:1      | Aesthetico the Halfling Arcane Marksman began the quest for
                  | the Orb.
     0 | D:1      | Reached XP level 1. HP: 12/12 MP: 2/2
   343 | D:1      | Reached XP level 2. HP: 18/18 MP: 3/3
   362 | D:1      | Reached skill level 4 in Slings
   945 | D:1      | Reached skill level 5 in Slings
   945 | D:1      | Reached XP level 3. HP: 21/22 MP: 4/4
  1208 | D:2      | Noticed Terence
  1216 | D:2      | Killed Terence
  1216 | D:2      | Reached skill level 6 in Slings
  1216 | D:2      | Reached XP level 4. HP: 14/27 MP: 3/5
  1520 | D:2      | Noticed Natasha
  1527 | D:2      | Killed Natasha
  1564 | D:2      | Reached skill level 7 in Slings
  1564 | D:2      | Reached XP level 5. HP: 32/32 MP: 6/6
  1660 | D:2      | Found a runed translucent door.
  1661 | D:2      | Noticed Crazy Yiuf
  2122 | D:2      | Reached skill level 8 in Slings
  2200 | D:2      | Noticed Natasha
  2221 | D:2      | Killed Natasha
  2221 | D:2      | Reached XP level 6. HP: 27/37 MP: 5/7
  2561 | D:2      | Noticed Natasha
  2566 | D:2      | Killed Natasha
  2782 | D:3      | Noticed Robin
  2796 | D:3      | Killed Robin
  2796 | D:3      | Reached skill level 9 in Slings
  3033 | D:3      | Noticed Sigmund
  3064 | D:3      | Killed Sigmund
  3064 | D:3      | Reached skill level 10 in Slings
  3064 | D:3      | Reached XP level 7. HP: 37/42 MP: 8/8
  3703 | D:2      | Killed Crazy Yiuf
  3703 | D:2      | Reached skill level 1 in Fighting
  4275 | D:4      | Noticed Ijyb
  4279 | D:4      | Paralysed by Ijyb for 5 turns
  4284 | D:4      | Killed Ijyb
  4454 | D:4      | Reached XP level 8. HP: 42/54 MP: 7/9
  4503 | D:5      | Entered Level 5 of the Dungeon
  4671 | D:5      | Reached skill level 5 in Fighting
  4787 | D:5      | Found Qepreum's Assorted Antiques.
  4918 | D:6      | Found a hazy altar of Hepliaklqana.
  5935 | D:6      | Reached XP level 9. HP: 63/63 MP: 8/10
  6102 | D:6      | Found an iron altar of Okawaru.
  6103 | D:6      | Found a white marble altar of Elyvilon.
  6107 | D:6      | Became a worshipper of Warmaster Okawaru
  6226 | D:7      | Found a staircase to the Ecumenical Temple.
  6506 | D:8      | Reached skill level 5 in Dodging
  6646 | D:8      | Reached * piety under Okawaru
  6721 | D:8      | Noticed Psyche
  6738 | D:8      | Killed Psyche
  6767 | D:8      | Noticed a gargoyle
  6782 | D:8      | Killed a gargoyle
  6782 | D:8      | Reached ** piety under Okawaru
  7223 | D:8      | Reached XP level 10. HP: 71/71 MP: 11/11
  7440 | D:8      | Noticed Joseph
  7451 | D:8      | Gained mutation: You do not regenerate when monsters are
                  | visible. [potion of mutation]
  7481 | D:8      | Killed Joseph
  7481 | D:8      | Reached skill level 11 in Slings
  7660 | D:8      | Reached skill level 12 in Slings
  7716 | D:8      | Noticed Erica
  7771 | D:7      | Noticed Prince Ribbit
  8267 | D:7      | Killed Prince Ribbit
  8267 | D:7      | Reached skill level 13 in Slings
  9015 | D:8      | Killed Erica
  9015 | D:8      | Reached *** piety under Okawaru
  9015 | D:8      | Reached skill level 14 in Slings
  9448 | D:9      | Found an ornate altar of the Wu Jian Council.
  9492 | D:9      | Reached skill level 1 in Invocations
  9851 | D:9      | Found Nurey's Antique Weapon Shop.
  9919 | D:9      | Found a sparkling altar of Nemelex Xobeh.
  9974 | D:9      | Reached **** piety under Okawaru
  9974 | D:9      | Reached XP level 11. HP: 59/75 MP: 14/14
 10273 | D:10     | Entered Level 10 of the Dungeon
 10295 | D:10     | Received a gift from Okawaru
 10464 | D:10     | Noticed an unseen horror
 10482 | D:10     | Killed an unseen horror
 10482 | D:10     | Received a gift from Okawaru
 10559 | D:10     | Noticed a two-headed ogre
 10571 | D:10     | Killed a two-headed ogre
 10922 | D:10     | Found a runed translucent gate.
 10936 | D:10     | Found a runed translucent gate.
 10936 | D:10     | Found a runed translucent gate.
 10937 | D:10     | Noticed Atelerd's ghost (novice OpCj)
 11103 | D:11     | Found Zivumo's Antique Weapon Shop.
 11166 | D:11     | Noticed a green ugly thing
 11174 | D:11     | Killed a green ugly thing
 11268 | D:11     | Found a flagged portal.
 11272 | D:11     | Received a gift from Okawaru
 11276 | D:11     | Reached skill level 10 in Fighting
 11347 | D:11     | Reached ***** piety under Okawaru
 11382 | D:11     | HP: 2/81 [troll (6)]
 11382 | D:11     | Slain by a troll

Skill      XL: |  1  2  3  4  5  6  7  8  9 10 11 |
---------------+----------------------------------+-----
Slings         | 5 6 7 8 10 14 | 14.2
Fighting       | 3 6 7 10 | 10.1
Dodging        | 8 |  8.5
Invocations    | 4 |  4.2
Spellcasting   | |  1.0
Hexes          | |  2.4

Action                   |  1- 3 |  4- 6 |  7- 9 | 10-12 || total
-------------------------+-------+-------+-------+-------++-------
Melee: Hunting sling     |       |       |     3 |     1 ||     4
       Scimitar          |       |       |       |    39 ||    39
       Quarterstaff      |       |       |       |    13 ||    13
 Fire: Hunting sling     |    71 |   237 |   459 |   453 ||  1220
 Cast: Corona            |     3 |     5 |    28 |    23 ||    59
Invok: Heroism           |       |       |     1 |       ||     1
Evoke: Wand              |       |       |     6 |       ||     6
  Use: Scroll            |     1 |     4 |       |    15 ||    20
       Potion            |       |     4 |       |    10 ||    14
 Stab: Distracted        |       |       |       |     1 ||     1
  Eat: Chunk             |       |     3 |     7 |    11 ||    21
       Ration            |       |     1 |     2 |     1 ||     4
Armor: Robe              |     4 |    24 |    69 |    24 ||   121
       Troll leather arm |       |       |       |    22 ||    22
Dodge: Dodged            |    48 |    73 |   138 |   255 ||   514
       Rpst.: Scimitar   |       |       |       |    14 ||    14
